 Dungeon Crawl Stone Soup version 0.22-a0-223-g0f5d773 (webtiles) character file.

298 4thArraOfDagon the Skirmisher (level 6, 0/43 HPs)
             Began as an Octopode Arcane Marksman on Feb 18, 2018.
             Slain by a bullfrog skeleton (6 damage)
             ... on level 6 of the Dungeon.
             The game lasted 00:06:05 (1244 turns).

4thArraOfDagon the Skirmisher (OpAM)                Turns: 1244, Time: 00:06:06

Health: 0/43       AC:  1    Str:  9 (10) XL:     6   Next: 35%
Magic:  0/9        EV: 13    Int: 17      God:
Gold:   120        SH:  0    Dex: 12      Spells: 5/9 levels left

rFire    . . .     SeeInvis .   i - +0 flail
rCold    . . .     Gourm    .   (no shield)
rNeg     . . .     Faith    .   (helmet restricted)
rPois    .         Spirit   +   m - amulet of guardian spirit
rElec    .         Reflect  .   (no ring)
rCorr    .         Harm     .   (no ring)
MR       .....                  (no ring)
Stlth    ++........             (no ring)
HPRegen  0.14/turn              (no ring)
MPRegen  0.11/turn              (no ring)
                                (no ring)
                                (no ring)

@: no status effects
A: almost no armour, stealthy swim, amphibious, 8 rings, constrict 8, camouflage
1, gelatinous body 1
a: no special abilities


You were on level 6 of the Dungeon.
You were not hungry.

You visited 1 branch of the dungeon, and saw 7 of its levels.

You collected 120 gold pieces.

Inventory:

Hand Weapons
 i - a +0 flail (weapon)
Missiles
 b - 3 javelins (quivered)
 c - 2 throwing nets
 l - 7 curare-tipped needles
Jewellery
 m - an amulet of guardian spirit (around mantle)
Wands
 f - a wand of digging (11)
Scrolls
 d - a scroll of enchant weapon {unknown}
 j - a scroll of immolation {unknown}
 k - a scroll of fear
Potions
 e - a potion of brilliance
 h - a potion of cancellation
 n - a potion of flight
Comestibles
 a - 5 rations
 g - 3 chunks of flesh


   Skills:
 - Level 4.0 Fighting
 - Level 2.0 Throwing
 - Level 2.0 Dodging
 + Level 2.0 Spellcasting
 * Level 2.6 Conjurations
 - Level 3.0 Hexes
 * Level 2.6 Fire Magic
 - Level 0.2 Evocations


You had 5 spell levels left.
You knew the following spells:

 Your Spells              Type           Power        Failure   Level  Hunger
a - Corona                Hex            ##.....      5%          1    #......
b - Conjure Flame         Conj/Fire      ##......     21%         3    ###....


Dungeon Overview and Level Annotations

Branches:
Dungeon (7/15)
 Temple: D:4-7

Altars:
Ru
Yredelemnul

Annotations:
D:3 4thArraOfDagon's ghost, weakling OpAM
D:6 1 exclusion


Innate Abilities, Weirdness & Mutations

You cannot wear most types of armour.
You are very stealthy in the water. (Stealth+)
You are amphibious.
You can wear up to eight rings at the same time.
You can use your tentacles to constrict eight enemies at once.
Your skin changes colour to match your surroundings (Stealth+).
Your rubbery body absorbs attacks. (AC +1, EV +1)


Message History

You feel your power drawn to a protective spirit.
m - an amulet of guardian spirit (around mantle)
You barely miss the bullfrog skeleton. You grab the bullfrog skeleton.
You constrict the bullfrog skeleton.
The bullfrog skeleton closely misses you.
You completely miss the bullfrog skeleton.
The bullfrog skeleton is lightly damaged.
You constrict the bullfrog skeleton.
The bullfrog skeleton closely misses you. x2
You hit the bullfrog skeleton.
The bullfrog skeleton is moderately damaged.
You constrict the bullfrog skeleton. The bullfrog skeleton misses you.
The bullfrog skeleton hits you.
* * * LOW HITPOINT WARNING * * *
You hit the bullfrog skeleton.
The bullfrog skeleton is heavily damaged.
You constrict the bullfrog skeleton. The bullfrog skeleton hits you.
* * * LOW HITPOINT WARNING * * *
The bullfrog skeleton hits you.
You die...

... #. ..#.. # #.
..#.# ### #.#. ..#.#
#.. ##.#.#..#.# #..
#.......#.# #..
#.......#.# ###
#....Z..#)############
#....@###.............
#..........(..........
#.!...#######.....####
#.....+....<..........
#.....# #####......###
###.... #....+###.##.
#.+## ####'..# #.##.
#. #...#..# #.##. #.
#.รท.#..# #.##.


You could see a bullfrog skeleton.

Vanquished Creatures
  A centaur (D:6)
  A scorpion (D:6)
  A howler monkey (D:5)
  A bullfrog skeleton (D:6)
  Ijyb (D:3)
  A worker ant (D:6)
  A hound skeleton (D:4)
  An ooze (D:4)
  2 worms
  A dart slug (D:3)
  A leopard gecko (D:1)
  5 orcs
  2 giant cockroaches
  A goblin (D:1)
  A hobgoblin (D:3)
  2 jackals (D:5)
  A kobold (D:3)
  2 quokkas
  3 bats
  3 frilled lizards
  2 rats
34 creatures vanquished.

Notes
Turn   | Place    | Note
-------+----------+-------------------------------------------
     0 | D:1      | 4thArraOfDagon the Octopode Arcane Marksman began the quest for the Orb.
     0 | D:1      | Reached XP level 1. HP: 13/13 MP: 2/2
    99 | D:1      | Reached skill level 2 in Fighting
    99 | D:1      | Reached XP level 2. HP: 14/19 MP: 3/3
   269 | D:3      | Reached XP level 3. HP: 12/25 MP: 4/4
   301 | D:3      | Noticed Ijyb
   313 | D:3      | Killed Ijyb
   313 | D:3      | Reached skill level 3 in Fighting
   358 | D:3      | Noticed 4thArraOfDagon's ghost (weakling OpAM)
   479 | D:4      | Reached XP level 4. HP: 18/33 MP: 5/5
   569 | D:4      | Reached skill level 4 in Fighting
   573 | D:4      | Found a basalt altar of Yredelemnul.
   680 | D:5      | Entered Level 5 of the Dungeon
   865 | D:6      | Found a sacrificial altar of Ru.
   897 | D:6      | Learned a level 3 spell: Conjure Flame
   949 | D:7      | Noticed an orc warrior
   972 | D:5      | Noticed a gnoll sergeant
  1008 | D:6      | Reached skill level 1 in Conjurations
  1008 | D:6      | Reached skill level 1 in Fire Magic
  1008 | D:6      | Reached XP level 5. HP: 26/37 MP: 6/6
  1167 | D:5      | Reached XP level 6. HP: 20/43 MP: 8/8
  1244 | D:6      | Slain by a bullfrog skeleton

Vault maps used:
D:1:      dpeg_arrival_solitude
D:3:      uniq_ijyb
D:4:      lemuel_upstairs_altar, kennysheep_mini, serial_shops,
          nicolae_shop_behind_doors, first_ration
D:5:      sword_in_stone, uniq_edmund, uniq_blork_the_orc
D:6:      lemuel_coloured_pillars_altar, nicolae_ru_great_annihilating_truth,
          xom_teletrap_fun
D:7:      grunt_temple_overflow_diamond, minmay_temple_entry_statues,
          uniq_pikel, uniq_menkaure

Skill      XL: |  1  2  3  4  5  6 |
---------------+-------------------+-----
Fighting       | 2 3 4 |  4.0
Conjurations   | 1 2 |  2.6
Fire Magic     | 1 2 |  2.6
Spellcasting   | 2 |  2.0
Throwing       | |  2.0
Dodging        | |  2.0
Hexes          | |  3.0
Evocations     | |  0.2

Action                   |  1- 3 |  4- 6 || total
-------------------------+-------+-------++-------
Melee: Unarmed           |    35 |       ||    35
       Constrict         |    14 |     5 ||    19
       Tentacles         |     9 |     3 ||    12
       Flail             |    16 |    56 ||    72
Throw: Javelin           |     9 |     5 ||    14
  Use: Scroll            |     3 |     2 ||     5
       Potion            |     1 |     1 ||     2
 Stab: Sleeping          |     4 |     1 ||     5
       Distracted        |     1 |       ||     1
  Eat: Ration            |       |     1 ||     1
Armor: Skin              |     3 |    35 ||    38
Dodge: Dodged            |    44 |    29 ||    73

Table legend:
 A = Spawn XP
 B = Non-spawn XP
 C = Spawn XP percentage of total XP
 D = Spawn monster count
 E = Non-spawn monster count
 F = Spawn count percentage of total count
 G = Total turns spent on level
                    A         B        C        D         E        F      G
               +---------+---------+-------+---------+---------+-------+---------
         Total |       0 |     426 |   0.0 |       0 |      34 |   0.0 |  1244
               +---------+---------+-------+---------+---------+-------+---------
           D:1 |       0 |      10 |   0.0 |       0 |       6 |   0.0 |   114
           D:2 |       0 |       8 |   0.0 |       0 |       3 |   0.0 |    97
           D:3 |       0 |      57 |   0.0 |       0 |      10 |   0.0 |   156
           D:4 |       0 |      35 |   0.0 |       0 |       4 |   0.0 |   313
           D:5 |       0 |      62 |   0.0 |       0 |       3 |   0.0 |   105
           D:6 |       0 |     254 |   0.0 |       0 |       8 |   0.0 |   457
               +---------+---------+-------+---------+---------+-------+---------
